 Dungeon Crawl Stone Soup version 0.19.5 (webtiles) character file.

294 McKennaii the Firebug (level 6, 0/32 HPs)
             Began as a Deep Elf Fire Elementalist on May 14, 2017.
             Slain by a worker ant (1 damage)
             ... on level 3 of the Dungeon.
             The game lasted 00:05:31 (2268 turns).

McKennaii the Firebug (Deep Elf Fire Elementalist)  Turns: 2268, Time: 00:05:31

Health: 0/32       AC:  2    Str:  5    XL:     6   Next: 11%
Magic:  5/15       EV: 13    Int: 22    God:
Gold:   166        SH:  0    Dex: 15    Spells: 5 memorised, 3 levels left

rFire  . . .     SeeInvis .     (no weapon)
rCold  . . .     Gourm    .     a - +0 robe
rNeg   . . .     Faith    .     (no shield)
rPois  .         Spirit   .     (no helmet)
rElec  .         Reflect  .     (no cloak)
rCorr  .         Harm     .     (no gloves)
MR     .....                    (no boots)
Stlth  ++........               (no amulet)
                                (no ring)
                                (no ring)

@: no status effects
A: no striking features
a: no special abilities


You were on level 3 of the Dungeon.
You were not hungry.

You visited 1 branch of the dungeon, and saw 5 of its levels.

You collected 166 gold pieces.

Inventory:

Armour
 a - a +0 robe (worn)
Wands
 p - a wand of confusion (29/48)
Scrolls
 e - 2 scrolls of amnesia {unknown}
 f - a scroll of immolation {unknown}
 k - 2 scrolls of identify {unknown}
 l - 2 scrolls of blinking {unknown}
 m - 2 scrolls of teleportation {unknown}
 r - a scroll of enchant armour {unknown}
 s - a scroll of fear {unknown}
 t - a scroll of remove curse {unknown}
Potions
 g - a potion of invisibility {unknown}
 i - a potion of haste {unknown}
 j - a potion of agility {unknown}
 n - a potion of flight {unknown}
 o - a potion of might {unknown}
 v - a potion of curing {unknown}
Books
 b - a book of Flames

   Spells                             Type                      Level
   a - Flame Tongue                   Conjuration/Fire             1
   b - Throw Flame                    Conjuration/Fire             2
   c - Conjure Flame                  Conjuration/Fire             3
   d - Inner Flame                    Hexes/Fire                   3
   e - Sticky Flame                   Conjuration/Fire             4
   f - Fireball                       Conjuration/Fire             5
 q - a book of Minor Magic

   Spells                             Type                      Level
   a - Magic Dart                     Conjuration                  1
   b - Blink                          Translocation                2
   c - Call Imp                       Summoning                    2
   d - Repel Missiles                 Charms/Air                   2
   e - Slow                           Hexes                        2
   f - Conjure Flame                  Conjuration/Fire             3
   g - Mephitic Cloud                 Conjuration/Poison/Air       3
Comestibles
 c - 3 bread rations
 d - 3 meat rations
 h - 2 slices of pizza
 u - 3 chunks of flesh


   Skills:
 + Level 3.2 Dodging
 + Level 3.1 Stealth
 + Level 5.1 Spellcasting
 + Level 3.1 Conjurations
 + Level 5.2 Fire Magic


You had 3 spell levels left.
You knew the following spells:

 Your Spells              Type           Power        Failure   Level  Hunger
a - Flame Tongue          Conj/Fire      ###..        1%          1    None
b - Throw Flame           Conj/Fire      ###...       3%          2    None
c - Conjure Flame         Conj/Fire      ###.....     8%          3    ##.....
d - Magic Dart            Conj           ###.         3%          1    None
f - Fireball              Conj/Fire      ###.......   63%         5    #####..


Dungeon Overview and Level Annotations

Branches:
Dungeon (5/15)
 Temple: D:4-7

Altars:


Message History

Aiming: Flame Tongue
Press: ? - help, Shift-Dir - straight line, f/p - orc
Aim: an orc, wielding a hand axe and wearing a leather armour (severely wounded)
The flame tongue hits the orc.
You kill the orc!
Casting: Flame Tongue
Confirm with . or Enter, or press ? or * to list all spells.
Aiming: Flame Tongue
Press: ? - help, Shift-Dir - straight line, f - worker ant
Aim: a worker ant The flame tongue hits the worker ant.
The worker ant appears unharmed.
The worker ant bites you!
* * * LOW HITPOINT WARNING * * *
Casting: Flame Tongue
Confirm with . or Enter, or press ? or * to list all spells.
Aiming: Flame Tongue
Press: ? - help, Shift-Dir - straight line, f/p - worker ant
Aim: a worker ant The flame tongue misses the worker ant.
The worker ant bites you.
You die...

#.# #.#
#.#########.##
#....†.......#
##.##.........#
#..............##
...........#####
#.####.##.##.# #
#†##.##.#
#@##.##.#
#a##.##.#
#.##.##.#
#.####....##.#
#.......†....# ##
#####..###### #.
######..# #.
#.......# #.
#.#####.# #.


You could see a worker ant.

Vanquished Creatures
  A crimson imp (D:3)
  An orc wizard (D:3)
  An orc priest (D:3)
  4 adders
  7 gnolls
  A shadow imp (D:5)
  An ooze (D:2)
  A worm (D:3)
  3 dart slugs
  A leopard gecko (D:1)
  8 orcs
  8 bats
  3 giant cockroaches
  7 goblins
  10 hobgoblins
  7 kobolds
  3 quokkas
  4 frilled lizards
  3 rats
74 creatures vanquished.

Notes
Turn   | Place    | Note
-------+----------+-------------------------------------------
     0 | D:1      | McKennaii the Deep Elf Fire Elementalist began the quest for the Orb.
     0 | D:1      | Reached XP level 1. HP: 10/10 MP: 6/6
    38 | D:1      | Reached XP level 2. HP: 1/15 MP: 4/8
   398 | D:1      | Reached XP level 3. HP: 19/19 MP: 5/9
   493 | D:1      | Learned a level 2 spell: Throw Flame
   497 | D:1      | Learned a level 3 spell: Conjure Flame
   908 | D:2      | Reached XP level 4. HP: 24/24 MP: 2/11
  1441 | D:2      | Reached XP level 5. HP: 22/28 MP: 9/13
  1465 | D:2      | Learned a level 5 spell: Fireball
  1855 | D:3      | Learned a level 1 spell: Magic Dart
  1975 | D:3      | Reached skill level 5 in Fire Magic
  2140 | D:3      | Reached skill level 5 in Spellcasting
  2140 | D:3      | Reached XP level 6. HP: 24/32 MP: 4/15
  2165 | D:3      | You fall through a shaft for 2 floors!
  2165 | D:5      | Entered Level 5 of the Dungeon
  2267 | D:3      | HP: 1/32 [worker ant (8)]
  2268 | D:3      | Slain by a worker ant

Skill      XL: |  1  2  3  4  5 |
---------------+----------------+-----
Fire Magic     | 4 5 |  5.2
Dodging        | 3 |  3.2
Conjurations   | 2 3 |  3.1
Spellcasting   | 4 5 |  5.1
Stealth        | 3 |  3.1

Action                   |  1- 3 |  4- 6 || total
-------------------------+-------+-------++-------
Melee: Unarmed           |     1 |       ||     1
 Cast: Flame Tongue      |    51 |    83 ||   134
       Throw Flame       |     2 |     6 ||     8
       Magic Dart        |       |    16 ||    16
  Eat: Chunk             |       |     4 ||     4
Armor: Robe              |     4 |     4 ||     8
Dodge: Dodged            |    15 |    17 ||    32
